 Dungeon Crawl Stone Soup version 0.32-a0-779-g362cfcae2a (webtiles) character file.

Game seed: 11027807045670237254

221 Drazool the Magician (level 5, 0/35 HPs)
             Began as a Mummy Conjurer on Mar 19, 2024.
             Slain by an elf zombie (4 damage)
             ... on level 4 of the Dungeon.
             The game lasted 00:07:36 (4296 turns).

Drazool the Magician (Mummy Conjurer)               Turns: 4296, Time: 00:07:36

Health: 0/35       AC:  3    Str: 10    XL:     5   Next: 65%
Magic:  2/13       EV: 11    Int: 19    God:
Gold:   218        SH:  0    Dex: 11    Spells: 9/16 levels left

rFire   x . .        c - +0 dagger
rCold   + . .        (no shield)
rNeg    + + +        a - +0 robe
rPois   ∞            (no helmet)
rElec   .            (no cloak)
rCorr   .            d - +0 pair of gloves
SInv    .            (no boots)
Will    +....        (no amulet)
Stlth   ++           W - ring of willpower
HPRegen 0.25/turn    (no ring)
MPRegen 0.13/turn

%: faith
@: no status effects
A: cold resistance 1, negative energy resistance 3, torment resistance 2, heat
vulnerability 1, in touch with death 1, no potions, faith
a: no special abilities


You were on level 4 of the Dungeon.
You visited 1 branch of the dungeon, and saw 4 of its levels.

You collected 218 gold pieces.


Innate Abilities, Weirdness & Mutations

You are immune to poison.
Your flesh is cold resistant. (rC+)
You are immune to negative energy. (rN+++)
You are immune to unholy pain and torment.
You are vulnerable to heat. (rF-)
You are in touch with the powers of death.
You do not drink.
You have a special connection with the divine. (Faith)


   Skills:
 - Level 1.5 Dodging
 - Level 1.5 Stealth
 - Level 6.0 Spellcasting
 + Level 4.4 Conjurations


You had 9 spell levels left.
You knew the following spells:

 Your Spells              Type           Power      Damage    Failure   Level
f - Fulminant Prism       Conj/Alch      7%         3d7       41%         4
m - Magic Dart            Conj           88%        1d7       1%          1
s - Searing Ray           Conj           44%        2d6       2%          2

Your spell library contained the following spells:

 Spells                   Type           Power      Damage    Failure   Level
 Slow                     Hex            20%        N/A       11%         1
 Confusing Touch          Hex            5%         N/A       32%         3
 Vampiric Draining        Necr           8%         2d6       32%         3
 Iskenderun's Mystic Bla  Conj/Tloc      14%        2d5       41%         4

Inventory:

Hand Weapons
 c - a +0 dagger (weapon)
Armour
 a - a +0 robe (worn)
 d - a +0 pair of gloves (worn)
 h - a +0 helmet
Jewellery
 W - a ring of willpower (left hand)
Wands
 i - a wand of polymorph (11)
Scrolls
 b - a scroll of blinking
 e - a scroll of immolation
 f - a scroll of revelation
 j - 2 scrolls of teleportation {@r2}

Dungeon Overview and Level Annotations

Branches:
Dungeon (4/15)
 Temple: D:4-7

Altars:

Portals:
Ossuary: D:4

#....▒▒▒▒▒▒▒▒▒#.###.▒
#.<..▒ +∩▒ ▒......▒
####.▒▒▒'▒+▒ ▒#'####▒
#.▒.'...+ ▒...##
#.▒▒▒...▒ ▒....##
##▒.'...+ ▒.....#▒
#######.▒▒▒'▒+▒ ▒......▒
........Z...▒ ▒......+
######@▒▒▒▒▒ ▒▒▒......#
##.# #.......## ####.#
##.....## #....# ##...##
#.############'##
#.#........# #.#
#####.#.######.# #.#
#.......# #.###.##
#.###.#.######.##...####


You could see an elf zombie.


Message History

The elf zombie hits you.
* * * LOW HITPOINT WARNING * * *
You hit the elf zombie but do no damage.
The elf zombie is heavily damaged.
The elf zombie hits you.
* * * LOW HITPOINT WARNING * * *
You hit the elf zombie.
The elf zombie is heavily damaged.
You closely miss the elf zombie.
The elf zombie is heavily damaged.
The elf zombie hits you.
* * * LOW HITPOINT WARNING * * *
You hit the elf zombie.
The elf zombie is heavily damaged.
The elf zombie hits you.
* * * LOW HITPOINT WARNING * * *
You closely miss the elf zombie.
The elf zombie is heavily damaged.
The elf zombie closely misses you.
You closely miss the elf zombie.
The elf zombie is heavily damaged.
The elf zombie misses you.
You hit the elf zombie.
The elf zombie is heavily damaged.
The elf zombie attacks as it pursues you!
The elf zombie barely misses you.
There is an open door here.
The elf zombie attacks as it pursues you!
The elf zombie hits you.
You die...

Skill      XL: |  1  2  3  4 |
---------------+-------------+-----
Spellcasting   | 3 4 5 6 |  6.0
Conjurations   | 4 |  4.4
Dodging        | |  1.5
Stealth        | |  1.5

Action                     |  1- 3 |  4- 6 || total
---------------------------+-------+-------++-------
  Melee: Dagger            |    12 |    13 ||    25
   Cast: Magic Dart        |    55 |    27 ||    82
         Searing Ray       |    15 |    26 ||    41
    Use: Scroll            |       |     4 ||     4
 Armour: Robe              |    24 |    22 ||    46
  Dodge: Dodged            |    21 |    14 ||    35

Levels and vault maps discovered:
D:1:      dpeg_arrival_brainrot, layout_basic,
          shapermc_ecumenical_altar_starsandcircs, st_stairs_6
D:2:      layout_basic, uniq_robin
D:3:      layout_basic, amcnicky_altar_gilded, nicolae_the_louvre
D:4:      dreamdust_elfheim, layout_loops_corners,
          mainiacjoe_overflow_divided_tiny, nicolae_ossuary_entry_catacombs

Notes
Turn   | Place    | Note
-------+----------+-------------------------------------------
     0 | D:1      | Drazool the Mummy Conjurer began the quest for the Orb.
     0 | D:1      | Reached XP level 1. HP: 13/13 MP: 4/4
    62 | D:1      | Reached skill level 3 in Spellcasting
   361 | D:1      | Reached XP level 2. HP: 19/19 MP: 1/6
   364 | D:1      | Learned a level 2 spell: Searing Ray
   445 | D:1      | Found a faded altar of an unknown god.
   604 | D:1      | Reached skill level 4 in Spellcasting
  1027 | D:1      | Reached XP level 3. HP: 24/24 MP: 4/8
  1820 | D:2      | Reached skill level 5 in Spellcasting
  2129 | D:2      | Reached XP level 4. HP: 30/30 MP: 8/11
  2303 | D:2      | Noticed Robin
  2309 | D:2      | Killed Robin
  2418 | D:2      | Learned a level 4 spell: Fulminant Prism
  2770 | D:3      | Reached skill level 6 in Spellcasting
  3958 | D:4      | Noticed an ogre
  4110 | D:4      | Reached skill level 4 in Conjurations
  4110 | D:4      | Reached XP level 5. HP: 27/35 MP: 0/13
  4268 | D:4      | Found a sand-covered staircase.
  4290 | D:4      | HP: 2/35 [elf zombie (4)]
  4296 | D:4      | Slain by an elf zombie

Vanquished Creatures
  An elf zombie (D:4)
  A human skeleton (D:4)
  Robin (D:2)
  3 adders (D:2)
  3 dart slugs
  4 ribbon worms
  An orc (D:3)
  7 ball pythons
  10 bats
  6 endoplasms
  A giant cockroach (D:1)
  10 goblins
  5 hobgoblins
  9 jackals
  A quokka (D:2)
  5 frilled lizards
  2 kobolds
  3 rats
73 creatures vanquished.

Table legend: (Time is in decaauts)
 A = Elapsed time spent in this place.
 B = Non-inter-level travel time spent in this place.
 C = Inter-level travel time spent in this place.
 D = Time resting spent in this place.
 E = Time spent auto-exploring this place.
 F = Levels seen in this place.
 G = Mean time per level.
                   A        B        C        D        E       F      G
               +--------+--------+--------+--------+--------+-----+--------+
         Total |   4296 |   4148 |    148 |    406 |   3262 |   4 | 1074.0 |
       Dungeon |   4296 |   4148 |    148 |    406 |   3262 |   4 | 1074.0 |
               +--------+--------+--------+--------+--------+-----+--------+

Top non-repeatable levels by time:
     D:1: 1527 daAuts
     D:2: 1236 daAuts
     D:3: 1232 daAuts
     D:4: 300 daAuts

Table legend:
 A = Non-vault XP
 B = Vault XP
 C = Vault XP percentage of total XP
 D = Non-vault monster count
 E = Vault monster count
 F = Vault count percentage of total count
                 A         B        C        D         E       F
            +---------+---------+-------+---------+---------+-------
      Total |     157 |     160 |  50.5 |      62 |      11 |  15.1
            +---------+---------+-------+---------+---------+-------
        D:1 |      42 |       6 |  12.5 |      24 |       2 |   7.7
        D:2 |      70 |      27 |  27.8 |      20 |       7 |  25.9
        D:3 |      39 |       0 |   0.0 |      15 |       0 |   0.0
        D:4 |       6 |     127 |  95.5 |       3 |       2 |  40.0
            +---------+---------+-------+---------+---------+-------
